AoeStats
← 739697286

Arena

506593035Analyzed
4v4 RM · 20d ago on Sep 14, 2026· 52m 27s· 8 players
Game mode
Random Map
Map size
Large (8 player)
Population
200
Speed
Normal
Resources
Standard
Victory
Conquest
Starting age
Dark Age
Ending age
Imperial Age
RankedLock teamsTeams togetherTeam positionsShared explorationLock speedFull tech treeHidden civsTurbo modeCheats
Victory
Defeat
🇨🇳 Persians · China
1429
+16
🇨🇳 Bulgarians · China
1424
+17
🇯🇵 Aztecs · Japan
1422
+17
🇭🇰 Bengalis · Hong Kong SAR China
1422
+17
🇹🇼 Koreans · Taiwan
1520
-20
🇨🇳 Persians · China
1484
-19
🇳🇿 Italians · New Zealand
1383
-14
🇨🇳 Gurjaras · China
1366
-14
Nekomi
10:27 Feudal Age
12:32 Fletching
13:48 Loom
18:10 Castle Age
16:30 Double-Bit Axe
20:15 Fortified Wall
26:40 Gold Mining
27:03 Redemption
30:04 Bow Saw
33:16 Sanctity
34:16 Fervor
34:23 Horse Collar
35:52 Wheelbarrow
40:20 Imperial Age
37:16 Elite Skirmisher
38:19 Bodkin Arrow
38:49 Ballistics
38:32 Padded Archer Armor
40:15 Hand Cart
40:33 Leather Archer Armor
40:59 Atlatl
41:03 Bracer
42:39 Block Printing
44:02 Chemistry
46:20 Scale Mail Armor
46:30 Forging
46:42 Garland Wars
46:43 Conscription
48:37 Chain Mail Armor
48:58 Iron Casting
47:56 Pikeman
48:22 Arson
48:37 Squires
48:22 Gambesons
50:48 Blast Furnace
50:19 Plate Mail Armor
51:20 Capped Ram
小农民
9:46 Feudal Age
14:39 Castle Age
12:53 Double-Bit Axe
14:16 Horse Collar
15:57 Bow Saw
18:31 Loom
21:14 Wheelbarrow
22:02 Gold Mining
23:43 Hand Cart
24:20 Stone Mining
25:24 Town Watch
26:50 Forging
26:41 Scale Mail Armor
29:38 Imperial Age
27:13 Squires
26:33 Pikeman
26:59 Arson
27:01 Gambesons
27:53 Iron Casting
28:28 Chain Mail Armor
29:28 Gold Shaft Mining
29:15 Stirrups
29:34 Husbandry
29:44 Bloodlines
28:55 Light Cavalry
29:50 Heavy Plow
31:02 Plate Mail Armor
31:33 Blast Furnace
30:34 Bagains
30:55 Conscription
31:33 Crop Rotation
30:42 Halberdier
32:45 Chemistry
32:11 Ballistics
32:34 Scale Barding Armor
33:48 Fletching
34:09 Siege Engineers
35:04 Town Patrol
35:02 Bodkin Arrow
35:47 Bracer
37:23 Hussar
38:29 Chain Barding Armor
38:33 Masonry
38:23 Capped Ram
39:46 Siege Ram
40:58 Padded Archer Armor
41:36 Plate Barding Armor
42:31 Elite Konnik
47:31 Stone Shaft Mining
49:32 Caravan
52:45 Coinage
明征北大将军
10:34 Feudal Age
14:38 Castle Age
12:38 Double-Bit Axe
12:38 Horse Collar
13:47 Loom
16:13 Bow Saw
22:22 Wheelbarrow
24:48 Hand Cart
28:29 Imperial Age
27:38 Padded Archer Armor
27:28 Fletching
28:24 Leather Archer Armor
28:32 Elite Elephant Archer
29:09 Bodkin Arrow
30:36 Two-Man Saw
30:48 Bracer
31:09 Heavy Plow
32:05 Ballistics
33:33 Ring Archer Armor
34:31 Chemistry
35:09 Masonry
36:46 Town Watch
37:18 Siege Elephant
38:26 Block Printing
40:42 Mahayana
40:43 Conscription
43:44 Fervor
43:55 Sanctity
47:23 Bloodlines
47:14 Husbandry
46:35 Light Cavalry
51:05 Scale Barding Armor
51:11 Forging
739697286
11:03 Feudal Age
12:45 Double-Bit Axe
15:23 Castle Age
13:07 Horse Collar
15:17 Loom
24:10 Wheelbarrow
24:26 Bow Saw
24:44 Heavy Plow
29:00 Imperial Age
26:51 Hand Cart
27:27 Bloodlines
27:17 Husbandry
27:27 Bloodlines
27:17 Husbandry
27:27 Bloodlines
27:27 Scale Barding Armor
27:52 Light Cavalry
28:49 Forging
29:01 Chain Barding Armor
28:43 Capped Ram
29:06 Cavalier
33:30 Two-Man Saw
33:07 Iron Casting
33:07 Plate Barding Armor
33:08 Iron Casting
33:08 Plate Barding Armor
33:41 Siege Ram
35:16 Savar
38:23 Blast Furnace
38:46 Hussar
40:23 Fletching
40:34 Padded Archer Armor
40:24 Fletching
40:34 Padded Archer Armor
45:59 Conscription
46:17 Hoardings
47:49 Masonry
48:43 Chemistry
47:48 Crossbowman
48:35 Thumb Ring
48:29 Elite Skirmisher
49:15 Bodkin Arrow
49:35 Leather Archer Armor
49:15 Bodkin Arrow
49:35 Leather Archer Armor
49:15 Bodkin Arrow
49:35 Leather Archer Armor
49:15 Bodkin Arrow
50:26 Crop Rotation
50:41 Kamandaran
52:19 Citadels
52:29 Leather Archer Armor
菜就怪隊友
6:30 Loom
9:18 Feudal Age
9:49 Double-Bit Axe
10:57 Fletching
16:28 Horse Collar
23:59 Castle Age
24:39 Bodkin Arrow
25:11 Bow Saw
24:29 Crossbowman
28:04 Eupseong
29:32 Wheelbarrow
35:08 Imperial Age
33:35 Gold Mining
35:49 Bracer
36:50 Two-Man Saw
35:40 Elite Fire Lancer
36:36 Squires
36:49 Forging
37:16 Scale Mail Armor
37:03 Arson
38:27 Chemistry
37:54 Conscription
39:02 Hand Cart
39:39 Chain Mail Armor
41:48 Iron Casting
43:35 Plate Mail Armor
45:21 Scale Barding Armor
46:57 Pikeman
47:34 Town Watch
48:24 Halberdier
50:22 Arrowslits
50:57 Ballistics
51:27 Town Patrol
JayJayNico
10:51 Feudal Age
14:28 Castle Age
14:28 Loom
14:59 Double-Bit Axe
17:03 Fletching
20:06 Bodkin Arrow
22:23 Horse Collar
25:48 Bow Saw
27:11 Wheelbarrow
28:01 Heavy Plow
28:06 Stone Mining
29:03 Padded Archer Armor
30:37 Leather Archer Armor
31:11 Ballistics
35:42 Imperial Age
34:28 Fortified Wall
34:29 Masonry
34:59 Stone Shaft Mining
35:38 Thumb Ring
36:23 Hand Cart
35:53 Town Watch
36:00 Treadmill Crane
36:42 Bracer
37:48 Chemistry
37:43 Ring Archer Armor
37:29 Murder Holes
38:09 Gold Mining
38:51 Elite Genoese Crossbowman
40:10 Conscription
41:14 Forging
41:09 Scale Barding Armor
42:17 Two-Man Saw
40:48 Light Cavalry
41:32 Hussar
43:02 Chain Barding Armor
43:07 Bloodlines
46:16 Iron Casting
46:41 Husbandry
47:19 Plate Barding Armor
48:24 Hoardings
48:50 Architecture
48:57 Caravan
49:22 Silk Road
阿伟
10:39 Feudal Age
14:18 Castle Age
12:03 Horse Collar
13:01 Double-Bit Axe
15:09 Bow Saw
15:33 Scale Barding Armor
20:12 Bow Saw
21:16 Heavy Plow
24:09 Wheelbarrow
25:46 Hand Cart
25:55 Stone Mining
25:56 Gold Mining
30:55 Imperial Age
28:12 Loom
29:06 Chain Barding Armor
29:55 Gold Shaft Mining
29:42 Bloodlines
29:35 Husbandry
29:41 Town Watch
30:59 Forging
31:54 Plate Barding Armor
31:03 Cavalier
32:20 Iron Casting
33:05 Crop Rotation
33:18 Savar
35:20 Blast Furnace
35:01 Light Cavalry
36:33 Conscription
35:54 Hussar
40:33 Two-Man Saw
41:03 Chemistry
40:08 Padded Archer Armor
48:14 Stone Shaft Mining
48:27 Leather Archer Armor
48:22 Elite Skirmisher
48:57 Fletching
50:20 Bodkin Arrow
51:42 Ballistics
51:34 Masonry
12014665
10:04 Feudal Age
10:24 Feudal Age
9:01 Loom
14:42 Castle Age
12:54 Horse Collar
21:28 Wheelbarrow
23:56 Heavy Plow
30:05 Imperial Age
28:11 Bloodlines
28:24 Hand Cart
28:36 Gold Mining
28:38 Stone Mining
29:31 Fletching
30:01 Padded Archer Armor
32:29 Gold Shaft Mining
31:59 Bodkin Arrow
33:08 Town Watch
34:01 Stone Shaft Mining
33:19 Double-Bit Axe
33:36 Bracer
33:33 Elite Skirmisher
35:32 Chemistry
35:11 Conscription
36:05 Leather Archer Armor
35:35 Elite Elephant Archer
41:46 Forging
41:42 Scale Barding Armor
42:06 Light Cavalry
42:47 Husbandry
43:02 Hussar
45:42 Chain Barding Armor
49:53 Ballistics
Connection lost

Rejoining the realm…

Still unreachable

The connection could not be restored.

Session expired

The server has moved on; the page needs a fresh start.